 Dungeon Crawl Stone Soup version 0.26-a0-663-g36e8fdb655 (webtiles) character file.

Game seed: 6547326396907668635

5 heikuro the Skirmisher (level 1, -1/18 HPs)
             Began as a Formicid Abyssal Knight on Oct 11, 2020.
             Was a Follower of Lugonu.
             Killed from afar by a white imp (14 damage)
             ... with a puff of frost
             ... on level 1 of the Abyss.
             The game lasted 00:00:19 (99 turns).

heikuro the Skirmisher (Formicid Abyssal Knight)      Turns: 99, Time: 00:00:20

Health: -1/18      AC:  3    Str: 16    XL:     1   Next: 88%
Magic:  2/2        EV: 11    Int: 11    God:    Lugonu [*.....]
Gold:   0          SH:  0    Dex: 10    Spells: 0/0 levels left

rFire    . . .     SeeInvis +   a - +1 spear
rCold    . . .     Faith    .   (no shield)
rNeg     . . .     Spirit   .   b - +0 leather armour
rPois    .         Reflect  .   (helmet unavailable)
rElec    .         Harm     .   (no cloak)
rCorr    .         Rampage  .   (no gloves)
MR       .....                  (no boots)
Stlth    +.........             (no amulet)
HPRegen  0.06/turn              (no ring)
MPRegen  0.08/turn              (no ring)

@: no status effects
A: permanent stasis, dig shafts and tunnels, four strong arms, antennae 3
a: Dig, Shaft Self, Depart the Abyss, Renounce Religion


You were on level 1 of the Abyss.
You worshipped Lugonu.
Lugonu was aware of your devotion.
You visited 0 branches of the dungeon, and saw 0 of its levels.
You visited the Abyss 1 time.

Inventory:

Hand Weapons
 a - a +1 spear (weapon)
Armour
 b - a +0 leather armour (worn)
Scrolls
 c - a scroll of immolation {unknown}


   Skills:
 + Level 3.3 Fighting
 * Level 2.2 Polearms
 + Level 2.2 Armour
 - Level 1.0 Dodging
 + Level 2.3 Invocations


You couldn't memorise any spells.
You didn't know any spells.
Your spell library was empty.

Dungeon Overview and Level Annotations

Branches:
Dungeon (0/15)

Altars:


Innate Abilities, Weirdness & Mutations

You cannot be hasted, slowed, berserked, paralysed or teleported.
You can dig through walls and to a lower floor.
Your four strong arms can wield two-handed weapons with a shield.
You have a pair of large antennae on your head. (SInv)


Message History

The ufetubus misses you. The ufetubus barely misses you.
You barely miss the ufetubus.
The ufetubus is almost dead.
The ufetubus hits you. The ufetubus closely misses you.
The ufetubus hits you but does no damage.
The ufetubus misses you.
You hit the ufetubus.
You kill the ufetubus!
Training target 1.0 for Dodging reached!
Your Dodging skill increases to level 1!
Unknown command.
You start resting.
You sense a monster nearby.
A white imp comes into view.
The white imp shouts, "Slither home, thou ducking tip-merry coxcomb!"
The white imp shouts, "Escape, thou currish hell-hated haggard!"
The white imp gestures at you. The puff of frost hits you!
Ouch! That really hurt!
You die...

#.. .......#
..##. ..... .
..##.#..### .
#..#...
ยง....#. #.
#5#.###.##. .
####...#.......
###...#.....##
#...##....#.#
#.....@#....#
#....##.....#
#..##. ####..#
. ...# # ....#
. .# # ... ###
##.#.# . .


You could see a white imp.

Vanquished Creatures
  An ufetubus (Abyss:1)
1 creature vanquished.

Notes
Turn   | Place    | Note
-------+----------+-------------------------------------------
     0 | Abyss:1  | heikuro the Formicid Abyssal Knight began the quest for the
                  | Orb.
     0 | Abyss:1  | Reached XP level 1. HP: 18/18 MP: 2/2
    35 | Abyss:1  | Found a corrupted altar of Lugonu.
    84 | Abyss:1  | Reached skill level 1 in Dodging
    99 | Abyss:1  | Killed from afar by a white imp

Illustrated notes

Levels and vault maps discovered:
Abyss:1:  evilmike_abyss_exit_plants

Skill      XL: |  1 |
---------------+----+-----
Dodging        | 1 |  1.0
Fighting       | |  3.3
Polearms       | |  2.2
Armour         | |  2.2
Invocations    | |  2.3

Action                   || total
-------------------------++-------
Melee: Spear             ||     4
Armor: Leather armour    ||     1
Dodge: Dodged            ||     6

Table legend: (Time is in decaauts)
 A = Elapsed time spent in this place.
 B = Non-inter-level travel time spent in this place.
 C = Inter-level travel time spent in this place.
 D = Time resting spent in this place.
 E = Time spent auto-exploring this place.
 F = Levels seen in this place.
 G = Mean time per level.
                   A        B        C        D        E       F      G
               +--------+--------+--------+--------+--------+-----+--------+
         Total |     99 |     99 |      0 |      7 |     79 |   1 |   99.0 |
         Abyss |     99 |     99 |      0 |      7 |     79 |   1 |   99.0 |
               +--------+--------+--------+--------+--------+-----+--------+

Top non-repeatable levels by time:
 Abyss:1: 99 daAuts
